 Dungeon Crawl Stone Soup version 0.21-a0-538-gd16b88a (webtiles) character file.

78 Alarkh the Grave Robber (level 4, -2/30 HPs)
             Began as a Demonspawn Necromancer on Dec 16, 2017.
             Slain by a bullfrog zombie (4 damage)
             ... on level 3 of the Dungeon.
             The game lasted 00:03:40 (3192 turns).

Alarkh the Grave Robber (Demonspawn Necromancer)    Turns: 3192, Time: 00:03:40

Health: -2/30      AC:  2    Str:  8    XL:     4   Next: 15%
Magic:  8/8        EV: 12    Int: 17    God:
Gold:   100        SH:  0    Dex: 14    Spells: 2/9 levels left

rFire    . . .     SeeInvis .   b - +0 mace
rCold    . . .     Gourm    .   (no shield)
rNeg     . . .     Faith    .   l - +0 robe
rPois    .         Spirit   .   (no helmet)
rElec    .         Reflect  .   (no cloak)
rCorr    .         Harm     .   (no gloves)
MR       .....                  (no boots)
Stlth    ++........             (no amulet)
HPRegen  0.10/turn              (no ring)
MPRegen  0.11/turn              (no ring)

@: no status effects
A: hooves 1
a: no special abilities


You were on level 3 of the Dungeon.
You were very hungry.

You visited 1 branch of the dungeon, and saw 3 of its levels.

You collected 100 gold pieces.

Inventory:

Hand Weapons
 a - a +0 dagger of venom
 b - a +0 mace (weapon)
 e - a +0 dagger
Armour
 l - a +0 robe (worn)
Scrolls
 h - 2 scrolls of remove curse {unknown}
 i - 2 scrolls of noise {unknown}
 k - 2 scrolls of enchant weapon {unknown}
 m - a scroll of teleportation {unknown}
 p - 2 scrolls of enchant armour {unknown}
 q - a scroll of blinking {unknown}
Potions
 d - 4 potions of curing {unknown}
 f - a potion of haste {unknown}
 g - a potion of degeneration {unknown}
 n - 2 potions of mutation {unknown}
Books
 r - a book of Necromancy

   Spells                             Type                      Level
   a - Pain                           Necromancy                   1
   b - Animate Skeleton               Necromancy                   1
   c - Vampiric Draining              Necromancy                   3
   d - Regeneration                   Charms/Necromancy            3
   e - Animate Dead                   Necromancy                   4
   f - Control Undead                 Necromancy                   4
Comestibles
 c - a bread ration
 j - 3 royal jellies
 o - a meat ration


   Skills:
 - Level 1.7 Dodging
 - Level 1.7 Stealth
 + Level 3.2 Spellcasting
 + Level 5.4 Necromancy


You had 2 spell levels left.
You knew the following spells:

 Your Spells              Type           Power        Failure   Level  Hunger
a - Pain                  Necr           ###.         1%          1    None
b - Regeneration          Chrm/Necr      ##........   17%         3    ###....
c - Vampiric Draining     Necr           ###.......   5%          3    ###....


Dungeon Overview and Level Annotations

Branches:
Dungeon (3/15)

Altars:


Innate Abilities, Weirdness & Mutations

You have large cloven feet.


Message History

The bullfrog zombie barely misses you.
The bullfrog zombie hits you but does no damage.
You hit the bullfrog zombie. You kick the bullfrog zombie.
The bullfrog zombie is severely damaged.
The bullfrog zombie hits you. x2
* * * LOW HITPOINT WARNING * * *
You closely miss the bullfrog zombie.
You kick the bullfrog zombie, but do no damage.
The bullfrog zombie is severely damaged.
The bullfrog zombie completely misses you.
The bullfrog zombie hits you.
* * * LOW HITPOINT WARNING * * *
You sock the bullfrog zombie! Your kick misses the bullfrog zombie.
The bullfrog zombie is almost destroyed.
The bullfrog zombie hits you.
* * * LOW HITPOINT WARNING * * *
You barely miss the bullfrog zombie.
The bullfrog zombie is almost destroyed.
The bullfrog zombie hits you.
You die...

### #.. #.# #.# #.#
#.####.##### #.......[..#
######(###.## ##.##@Z.#
#....<..# #..##...###.
#...........#
#)########### # #.# ####.#
#.# #####....####
#.#####........Z...
.#######>.......##..†#####


You could see a bullfrog zombie.

Vanquished Creatures
  2 adders (D:2)
  2 oozes
  3 dart slugs
  2 leopard geckos
  8 goblins
  5 hobgoblins
  3 jackals (D:1)
  7 kobolds
  5 bats
  6 frilled lizards
  3 rats
46 creatures vanquished.

Notes
Turn   | Place    | Note
-------+----------+-------------------------------------------
     0 | D:1      | Alarkh the Demonspawn Necromancer began the quest for the Orb.
     0 | D:1      | Reached XP level 1. HP: 13/13 MP: 3/3
   363 | D:1      | Gained mutation: You have large cloven feet. [demonic ancestry]
   363 | D:1      | Reached XP level 2. HP: 16/19 MP: 0/5
  1239 | D:1      | Reached XP level 3. HP: 24/24 MP: 5/7
  1281 | D:1      | Reached skill level 5 in Necromancy
  1654 | D:2      | Learned a level 3 spell: Regeneration
  2417 | D:2      | Reached XP level 4. HP: 24/30 MP: 5/8
  3048 | D:2      | Learned a level 3 spell: Vampiric Draining
  3192 | D:3      | Slain by a bullfrog zombie

Vault maps used:
D:1:      dpeg_arrival_three_bigger_balls, bh_walls_and_bars
D:3:      first_bread, uniq_robin

Skill      XL: |  1  2  3 |
---------------+----------+-----
Necromancy     | 5 |  5.4
Spellcasting   | 3 |  3.2
Dodging        | |  1.7
Stealth        | |  1.7

Action                   |  1- 3 |  4- 6 || total
-------------------------+-------+-------++-------
Melee: Dagger            |    21 |       ||    21
       Kick              |     3 |     5 ||     8
       Mace              |       |    13 ||    13
 Cast: Pain              |    57 |    10 ||    67
       Regeneration      |     2 |       ||     2
 Stab: Sleeping          |     2 |       ||     2
       Distracted        |       |     1 ||     1
  Eat: Chunk             |     5 |     1 ||     6
Armor: Robe              |     6 |     2 ||     8
Dodge: Dodged            |    21 |    15 ||    36

Table legend:
 A = Spawn XP
 B = Non-spawn XP
 C = Spawn XP percentage of total XP
 D = Spawn monster count
 E = Non-spawn monster count
 F = Spawn count percentage of total count
 G = Total turns spent on level
                    A         B        C        D         E        F      G
               +---------+---------+-------+---------+---------+-------+---------
         Total |       0 |     112 |   0.0 |       0 |      46 |   0.0 |  3192
               +---------+---------+-------+---------+---------+-------+---------
           D:1 |       0 |      49 |   0.0 |       0 |      27 |   0.0 |  1647
           D:2 |       0 |      58 |   0.0 |       0 |      17 |   0.0 |  1418
           D:3 |       0 |       5 |   0.0 |       0 |       2 |   0.0 |   127
               +---------+---------+-------+---------+---------+-------+---------
